 Dungeon Crawl Stone Soup version 0.19.1 (webtiles) character file.

81 JeffiDaFish the Shield-Bearer (level 4, 0/29 HPs)
             Began as a Gargoyle Fighter on Dec 1, 2016.
             Slain by a gnoll
             ... wielding a +0 halberd
              (2 damage)
             ... on level 3 of the Dungeon.
             The game lasted 00:02:30 (1408 turns).

JeffiDaFish the Shield-Bearer (Gargoyle Fighter)    Turns: 1408, Time: 00:02:31

Health: 0/29       AC: 10    Str: 20    XL:     4   Next: 42%
Magic:  4/4        EV:  7    Int:  6    God:
Gold:   117        SH:  9    Dex: 10    Spells: 0 memorised, 3 levels left

rFire  . . .     SeeInvis .     a - +2 flail
rCold  . . .     Gourm    .     b - +0 scale mail
rNeg   + . .     Faith    .     c - +0 shield
rPois  ∞         Spirit   .     (no helmet)
rElec  +         Reflect  .     (no cloak)
rCorr  .         Harm     .     (no gloves)
MR     .....                    (no boots)
Stlth  ..........               (no amulet)
                                (no ring)
                                j - ring of wizardry

@: no status effects
A: deterioration 1, dopey 1, negative energy resistance 1, screaming 1,
electricity resistance, unbreathing, petrification resistance, rot immunity, AC
+3
a: no special abilities


You were on level 3 of the Dungeon.
You were not hungry.

You visited 1 branch of the dungeon, and saw 3 of its levels.

You collected 117 gold pieces.

Inventory:

Hand Weapons
 a - a +2 flail (weapon)
Armour
 b - a +0 scale mail (worn)
 c - a +0 shield (worn)
Jewellery
 j - a ring of wizardry (left hand)
Wands
 e - a wand of slowing (27/48)
Potions
 d - 3 potions of might
Comestibles
 f - 4 bread rations
 g - 2 chunks of flesh
 h - 2 meat rations
 i - a beef jerky


   Skills:
 + Level 3.7 Fighting
 + Level 2.7 Maces & Flails
 + Level 3.7 Armour
 + Level 0.5 Dodging
 + Level 4.3 Shields


You had 3 spell levels left.
You didn't know any spells.

Dungeon Overview and Level Annotations

Branches:
Dungeon (3/15)

Altars:


Innate Abilities, Weirdness & Mutations

You are resistant to torment.
Your stone body is resilient. (AC +3)
You are immune to poison.
You resist negative energy. (rN+)
You are resistant to electric shocks. (rElec)
You can survive without breathing.
You are immune to petrification.
You are immune to rotting.
Your body sometimes deteriorates upon taking damage.
You are dopey. (Int -2)
You occasionally shout uncontrollably at your foes.


Message History

You hit the gnoll.
The gnoll is almost dead.
You block the gnoll's attack. The gnoll hits you but does no damage.
You block the gnoll's attack. The gnoll hits you but does no damage.
You barely miss the gnoll.
The gnoll is almost dead.
You block the gnoll's attack.
The gnoll hits you from afar with a halberd.
* * * LOW HITPOINT WARNING * * *
The gnoll hits you but does no damage.
Your shield prevents you from hitting the gnoll.
The gnoll is almost dead.
The gnoll hits you from afar with a halberd.
* * * LOW HITPOINT WARNING * * *
You block the gnoll's attack. The gnoll barely misses you.
You closely miss the gnoll.
The gnoll is almost dead.
The gnoll closely misses you.
The gnoll hits you from afar with a halberd.
You die...

#.# #.#
#.## #..##
##...####
#.<.....+
##....####
#...†.#
#..@..#
#..g..#
##gg.##
##.## #.#
... ...
...


You could see 3 gnolls.

Vanquished Creatures
  3 adders (D:2)
  An ooze (D:2)
  A dart slug (D:1)
  A ball python (D:3)
  4 giant cockroaches
  3 goblins
  7 hobgoblins
  8 jackals (D:1)
  A quokka (D:2)
  5 bats
  A frilled lizard (D:2)
  5 kobolds
  4 rats
44 creatures vanquished.

Notes
Turn   | Place    | Note
-------+----------+-------------------------------------------
     0 | D:1      | JeffiDaFish the Gargoyle Fighter began the quest for the Orb.
     0 | D:1      | Reached XP level 1. HP: 14/14 MP: 1/1
    80 | D:1      | Reached XP level 2. HP: 16/19 MP: 2/2
   451 | D:1      | Reached XP level 3. HP: 17/23 MP: 3/3
   465 | D:1      | Gained mutation: You are dopey. (Int -2) [potion of mutation]
   465 | D:1      | Gained mutation: Your body sometimes deteriorates upon taking damage. [potion of mutation]
   465 | D:1      | Gained mutation: You occasionally shout uncontrollably at your foes. [potion of mutation]
   801 | D:2      | Reached skill level 4 in Shields
  1011 | D:2      | Reached XP level 4. HP: 24/29 MP: 4/4
  1408 | D:3      | Slain by a gnoll

Skill      XL: |  1  2  3 |
---------------+----------+-----
Shields        | 4 |  4.3
Fighting       | |  3.7
Maces & Flails | |  2.7
Armour         | |  3.7
Dodging        | |  0.5

Action                   |  1- 3 |  4- 6 || total
-------------------------+-------+-------++-------
Melee: Flail             |   150 |    49 ||   199
  Use: Potion            |     2 |     1 ||     3
       Scroll            |       |     3 ||     3
  Eat: Chunk             |     1 |     1 ||     2
Armor: Scale mail        |   155 |    23 ||   178
Dodge: Dodged            |    90 |    16 ||   106
Block: Shield            |   133 |    26 ||   159
